 Dungeon Crawl Stone Soup version 0.25-a0-399-gcf1075a (webtiles) character file.

Game seed: 10173221460466539941, levelgen mode: deterministic

189 Birdy the Grave Robber (level 5, -4/40 HPs)
             Began as a Centaur Necromancer on Jan 8, 2020.
             Killed by nerve-wracking pain
             ... invoked by Menkaure
              (12 damage)
             ... on level 4 of the Dungeon.
             The game lasted 00:07:50 (2996 turns).

Birdy the Grave Robber (Centaur Necromancer)        Turns: 2996, Time: 00:07:51

Health: -4/40      AC:  7    Str: 11      XL:     5   Next: 40%
Magic:  8/8        EV: 10    Int: 13 (14) God:
Gold:   133        SH:  0    Dex: 11 (12) Spells: 3/8 levels left

rFire    + . .     SeeInvis .   m - +0 short sword (venom)
rCold    . . .     Gourm    .   (no shield)
rNeg     . . .     Faith    .   e - +1 robe
rPois    .         Spirit   .   h - +0 helmet
rElec    .         Reflect  .   (no cloak)
rCorr    .         Harm     .   f - +0 pair of gloves
MR       .....                  (no barding)
Stlth    +.........             (no amulet)
HPRegen  0.13/turn              (no ring)
MPRegen  0.11/turn              d - ring of protection from fire

@: very quick
A: large, hooves 3, agile 1, deformed body, deterioration 2, speed 2, tough skin
3
a: no special abilities


You were on level 4 of the Dungeon.
You were hungry.

You visited 1 branch of the dungeon, and saw 4 of its levels.

You collected 133 gold pieces.

Inventory:

Hand Weapons
 a - a +1 vampiric dagger
 m - a +0 short sword of venom (weapon)
Armour
 e - a +1 robe (worn)
 f - a +0 pair of gloves (worn)
 h - a +0 helmet (worn)
 l - a +0 leather armour
Jewellery
 d - a ring of protection from fire (right hand)
Scrolls
 g - a scroll of remove curse
 i - 2 scrolls of teleportation
Potions
 b - a potion of brilliance
 j - a potion of agility
 k - a potion of cancellation
Comestibles
 c - 9 rations


   Skills:
 + Level 1.5 Fighting
 * Level 2.6 Short Blades
 - Level 2.0 Dodging
 - Level 1.1 Stealth
 - Level 2.0 Spellcasting
 + Level 4.5 Necromancy


You had 3 spell levels left.
You knew the following spells:

 Your Spells              Type           Power        Failure   Level  Hunger
a - Pain                  Necr           ##..         4%          1    ##.....
b - Animate Dead          Necr           N/A          36%         4    #####..

Your spell library contained the following spells:

 Spells                   Type           Power        Failure   Level  Hunger
 Animate Skeleton         Necr           N/A          4%          1    ##.....
 Vampiric Draining        Necr           ##........   12%         3    ####...
 Agony                    Necr           ##......     73%         5    ######.


Dungeon Overview and Level Annotations

Branches:
Dungeon (4/15)
 Temple: D:4-7

Altars:
Dithmenos
Ru
Zin

Annotations:
D:4 Menkaure


Innate Abilities, Weirdness & Mutations

You have hooves in place of feet.
Armour fits poorly on your strangely shaped body.
You cover ground very quickly.
You have extremely tough skin. (AC +3)
You are agile. (Dex +2)
Your body often deteriorates upon taking damage.


Message History

You kill the orc!
It was a potion of cancellation.
You feel magically purged. Menkaure hits you!
Found a stone staircase leading down.
Things that are here:
a +0 club; a +2 ring mail of fire resistance; an orc corpse You barely miss Menkaure.
Menkaure calls on the powers of darkness!
Your body is wracked with pain!
* * * LOW HITPOINT WARNING * * *
You hit Menkaure but do no damage. You kick Menkaure, but do no damage.
Menkaure points at you and mumbles some strange words.
You barely resist. You hit Menkaure but do no damage. Menkaure hits you.
* * * LOW HITPOINT WARNING * * *
Things that are here:
a +2 mace of crushing; an orc corpse Menkaure points at you and mumbles some strange words.
Pain shoots through your body!
You die...

####.......#.##..)##.#....>
...........#.#.....#.#..#..
#.......................
#.....(....(............
####...............).......
...................).......
#####............M#####....
##.........#..$..## .
#..####..#.###..@.# ..##
#..#..>###..# ### #..###..
...... .# ##.# ..........
.#######.## ..........#
........... ...........+
......##.. ............#
.......................#
.<....##..#


You could see Menkaure.

Vanquished Creatures
  An orc priest (D:3)
  A centaur skeleton (D:4)
  3 adders
  A worm (D:2)
  5 dart slugs
  4 leopard geckos
  8 orcs
  2 giant cockroaches (D:1)
  7 goblins
  7 hobgoblins
  4 jackals
  15 kobolds
  A quokka (D:3)
  2 ball pythons
  5 bats
  5 frilled lizards
  11 rats
82 creatures vanquished.

Notes
Turn   | Place    | Note
-------+----------+-------------------------------------------
     0 | D:1      | Birdy the Centaur Necromancer began the quest for the Orb.
     0 | D:1      | Reached XP level 1. HP: 14/14 MP: 3/3
   801 | D:1      | Reached XP level 2. HP: 20/20 MP: 4/4
  1090 | D:1      | Reached XP level 3. HP: 15/26 MP: 6/6
  1167 | D:1      | Reached skill level 4 in Necromancy
  1388 | D:1      | Gained mutation: Your body sometimes deteriorates upon
                  | taking damage. [potion of mutation]
  1388 | D:1      | Gained mutation: Your body often deteriorates upon taking
                  | damage. [potion of mutation]
  1388 | D:1      | Gained mutation: You are agile. (Dex +2) [potion of
                  | mutation]
  1595 | D:2      | Reached skill level 1 in Short Blades
  1631 | D:2      | Found a sacrificial altar of Ru.
  1631 | D:2      | Found a glowing silver altar of Zin.
  1632 | D:2      | Found a shadowy altar of Dithmenos.
  1811 | D:2      | Found a shadowy altar of Dithmenos.
  1989 | D:3      | Reached XP level 4. HP: 23/33 MP: 7/7
  2222 | D:3      | Learned a level 4 spell: Animate Dead
  2499 | D:3      | Reached skill level 1 in Fighting
  2499 | D:3      | Reached XP level 5. HP: 34/40 MP: 1/8
  2981 | D:4      | Noticed Menkaure
  2996 | D:4      | Killed from afar by Menkaure

Levels and vault maps discovered:
D:1:      saegor_arrival_under_anarchy, layout_basic, minmay_small_reverse_x
D:2:      layout_rooms, gammafunk_temple_overflow_claw,
          nicolae_dithmenos_shadow_blocks
D:3:      layout_basic, first_ration, kennysheep_big_empty_room
D:4:      layout_rooms, lemuel_doored_altar, grunt_decor_clamped, uniq_menkaure

Skill      XL: |  1  2  3  4 |
---------------+-------------+-----
Dodging        | 2 |  2.0
Spellcasting   | 2 |  2.0
Necromancy     | 4 |  4.5
Short Blades   | 1 2 |  2.6
Fighting       | 1 |  1.5
Stealth        | |  1.1

Action                   |  1- 3 |  4- 6 || total
-------------------------+-------+-------++-------
Melee: Unarmed           |    22 |       ||    22
       Dagger            |    85 |   106 ||   191
       Kick              |    21 |    24 ||    45
       Short sword       |       |     9 ||     9
 Cast: Pain              |    35 |    24 ||    59
  Use: Potion            |     4 |     2 ||     6
       Scroll            |     6 |     2 ||     8
 Stab: Sleeping          |     1 |       ||     1
  Eat: Chunk             |     3 |     3 ||     6
Armor: Robe              |    47 |    41 ||    88
Dodge: Dodged            |    62 |    66 ||   128

Table legend:
 A = Non-vault XP
 B = Vault XP
 C = Vault XP percentage of total XP
 D = Non-vault monster count
 E = Vault monster count
 F = Vault count percentage of total count
                 A         B        C        D         E       F
            +---------+---------+-------+---------+---------+-------
      Total |     263 |       7 |   2.6 |      78 |       4 |   4.9
            +---------+---------+-------+---------+---------+-------
        D:1 |      47 |       7 |  13.0 |      27 |       4 |  12.9
        D:2 |      40 |       0 |   0.0 |      12 |       0 |   0.0
        D:3 |     128 |       0 |   0.0 |      35 |       0 |   0.0
        D:4 |      48 |       0 |   0.0 |       4 |       0 |   0.0
            +---------+---------+-------+---------+---------+-------
